 Dungeon Crawl Stone Soup version 0.27-a0-1557-g57f10a385c (webtiles) character file.

Game seed: 1601347876650107419

24 TalonThorn the Caller (level 2, -3/19 HPs)
             Began as a Demonspawn Summoner on July 16, 2021.
             Was a Follower of Fedhas.
             Slain by a hobgoblin (5 damage)
             ... led by Robin
             ... on level 1 of the Dungeon.
             The game lasted 00:18:11 (1054 turns).

TalonThorn the Caller (Demonspawn Summoner)         Turns: 1054, Time: 00:18:12

Health: -3/19      AC:  2    Str:  8    XL:     2   Next: 79%
Magic:  4/5        EV: 14    Int: 16    God:    Fedhas [*.....]
Gold:   39         SH:  0    Dex: 13    Spells: 2/5 levels left

rFire    . . .     SeeInvis .   f - +0 spear
rCold    . . .     Faith    .   (no shield)
rNeg     . . .     Spirit   .   a - +0 robe
rPois    .         Reflect  .   (no helmet)
rElec    .         Harm     .   (no cloak)
rCorr    .         Rampage  .   (no gloves)
Will     .....                  (no boots)
Stlth    ++........             (no amulet)
HPRegen  0.06/turn              (no ring)
MPRegen  0.09/turn              (no ring)

@: no status effects
A: repulsion field 1
a: Renounce Religion


You were on level 1 of the Dungeon.
You worshipped Fedhas.
Fedhas was aware of your devotion.
You visited 1 branch of the dungeon, and saw 2 of its levels.

You collected 39 gold pieces.

Inventory:

Hand Weapons
 c - a +0 dagger
 f - a +0 spear (weapon)
Missiles
 b - 5 boomerangs (quivered)
 d - 6 atropa-tipped darts
Armour
 a - a +0 robe (worn)
 e - a +0 ring mail
Scrolls
 g - a scroll of teleportation


   Skills:
 + Level 0.2 Fighting
 + Level 0.2 Armour
 - Level 1.8 Dodging
 - Level 1.7 Stealth
 * Level 2.4 Spellcasting
 * Level 4.3 Summonings
 + Level 0.9 Invocations


You had 2 spell levels left.
You knew the following spells:

 Your Spells              Type           Power      Damage    Failure   Level
a - Summon Small Mammal   Summ           60%        N/A       3%          1
b - Call Imp              Summ           15%        N/A       4%          2

Your spell library contained the following spells:

 Spells                   Type           Power      Damage    Failure   Level
 Call Canine Familiar     Summ           15%        N/A       10%         3
 Summon Guardian Golem    Hex/Summ       8%         N/A       24%         3
 Summon Lightning Spire   Summ/Air       8%         N/A       63%         4


Dungeon Overview and Level Annotations

Branches:
Dungeon (2/15)

Altars:
Fedhas
Xom

Annotations:
D:2 Robin


Innate Abilities, Weirdness & Mutations

You are surrounded by a mild repulsion field. (EV +2)


Message History

Robin shouts!
The goblin shouts! x2; The hobgoblin shouts!
The goblin shouts!
The adder hisses angrily.
The goblin shouts! x5
The endoplasm quivers.
The goblin shouts!
The hobgoblin shouts!
Found a whip, a leather armour, 4 gold pieces and a scroll of identify.
Found a shimmering altar of Xom.
There is a stone staircase leading up here.
The goblin closely misses you. The hobgoblin barely misses you.
The goblin hits you with a +0 dagger. The goblin misses you.
The goblin closely misses you.
You climb upwards.
There is a stone staircase leading down here.
Casting: Summon Small Mammal (safe; 3% risk of failure)
Confirm with . or Enter, or press ? or * to list all spells.
The goblin barely misses you. The goblin hits you but does no damage.
The goblin closely misses you. The goblin barely misses you.
The hobgoblin hits you.
You barely miss the goblin. The goblin hits you with a +0 dagger.
The goblin closely misses you.
Your rat barely misses the goblin.
The goblin misses you. The goblin closely misses you.
The hobgoblin closely misses you.
You barely miss the goblin. The goblin closely misses you.
The goblin barely misses you.
Your rat barely misses the goblin.
The goblin hits you with a +0 dagger. x2
The hobgoblin hits you but does no damage.
You hit the goblin.
The goblin is heavily wounded.
The goblin hits you but does no damage. The goblin closely misses you.
Your rat bites the goblin.
The goblin hits you with a +0 dagger. The goblin closely misses your rat.
The hobgoblin hits you.
You closely miss the goblin.
The goblin is heavily wounded.
The goblin hits you with a +0 dagger.
* * * LOW HITPOINT WARNING * * *
The goblin hits you with a +0 dagger.
* * * LOW HITPOINT WARNING * * *
Your rat barely misses the goblin.
The goblin misses you. The goblin closely misses your rat.
The hobgoblin hits you.
You die...
Fedhas appreciates your contribution to the ecosystem.

#.#.#####.##.######..# #.#
#.#.......##.# #..#######.#
..####..####.# ##..........#
.....#..# ##.#####....######.####
#.##†#..###..........÷.......†..#
................÷..##.#####......
...#.#.####).###......# #......
...#.#.......###gg....# #......
#..#.######.#..g@r....# #.....#
#..#.# #.#.##gg)..## #..#.##
#..#.# #.#.##.....# #..#.# #..#.#
#...####.########..#.# ...#.#
#.................##.#
##.#.######........########.##.#
.............#####.# #.##.#
############.# #.# #.##.#
#.#####.# ##.##.#


You could see a hobgoblin, 4 goblins and a friendly rat (summoned).

Vanquished Creatures
  A bat (D:1)
  A goblin (D:1)
  A hobgoblin (D:1)
  3 jackals (D:1)
  A kobold (D:1)
  2 frilled lizards (D:1)
  2 rats (D:1)
11 creatures vanquished.

Vanquished Creatures (collateral kills)
  A dart slug (D:1)
  2 endoplasms (D:1)
  A giant cockroach (D:1)
  3 goblins (D:1)
  4 jackals (D:1)
  2 ball pythons (D:1)
  A frilled lizard (D:1)
  2 rats (D:1)
16 creatures vanquished.

Grand Total: 27 creatures vanquished

Notes
Turn   | Place    | Note
-------+----------+-------------------------------------------
     0 | D:1      | TalonThorn the Demonspawn Summoner began the quest for the
                  | Orb.
     0 | D:1      | Reached XP level 1. HP: 13/13 MP: 3/3
    64 | D:1      | Found a faded altar of an unknown god.
    76 | D:1      | Became a worshipper of Fedhas Madash
    76 | D:1      | Reached * piety under Fedhas
   499 | D:1      | Gained mutation: You are surrounded by a mild repulsion
                  | field. (EV +2) [demonic ancestry]
   499 | D:1      | Reached XP level 2. HP: 14/19 MP: 0/5
   614 | D:1      | Learned a level 2 spell: Call Imp
  1047 | D:2      | Noticed Robin
  1047 | D:2      | Found a shimmering altar of Xom.
  1054 | D:1      | Slain by a hobgoblin

Illustrated notes

Levels and vault maps discovered:
D:1:      lightli_iron_boxes, layout_loops_ring, ebering_ecumenical_altar_rust
D:2:      layout_rooms, serial_shops, nicolae_square_shop, basic_altar,
          uniq_robin

Action                   || total
-------------------------++-------
Melee: Dagger            ||    26
       Unarmed           ||     1
       Spear             ||    29
Throw: Boomerang         ||     6
 Cast: Summon Small Mamm ||    33
  Use: Scroll            ||     3
       Potion            ||     1
 Stab: Distracted        ||     1
       Sleeping          ||     1
Armor: Robe              ||     8
Dodge: Dodged            ||    58

Table legend: (Time is in decaauts)
 A = Elapsed time spent in this place.
 B = Non-inter-level travel time spent in this place.
 C = Inter-level travel time spent in this place.
 D = Time resting spent in this place.
 E = Time spent auto-exploring this place.
 F = Levels seen in this place.
 G = Mean time per level.
                   A        B        C        D        E       F      G
               +--------+--------+--------+--------+--------+-----+--------+
         Total |   1057 |    583 |    474 |    281 |     21 |   2 |  528.5 |
       Dungeon |   1057 |    583 |    474 |    281 |     21 |   2 |  528.5 |
               +--------+--------+--------+--------+--------+-----+--------+

Top non-repeatable levels by time:
     D:1: 1056 daAuts
     D:2: 1 daAuts
